cohdb
Replays
Latest Replays
All Replays
Popular Replays
Top Player Replays
Match Explorer
How It Works
Community
CoH3 Stats
Reddit
Sign in to upload your games and track your stats! →
Sign in with Steam
Match 42127216
Unlisted
Match 42127216
Overview
Messages
Build Orders
End
Kradschützen Motorcycle Team
Panzergrenadier Squad
Panzergrenadier Squad
Construct Light Support Kompanie
2.5-tonne Medical Truck
MG34 Team
Panzerpioneer Squad
Construct Mechanized Kompanie
Panzerpioneer Squad
MG34 Team
Construct Panzerarmee Kommand
Panzer III L Medium Tank
Forward Retreat Point
Panzer III L Medium Tank
Selects Panzerjäger Kommand Battlegroup
Selects Tank Busters
Selects Blockade Equipment
Panzerjäger Squad
MG34 Team
Selects Defensive Positions
Selects Butterfly Bomb Drop
Armored Reserves
Butterfly Bomb Drop
Tiger Heavy Tank
Butterfly Bomb Drop
Selects Crew Shock Tactics
Flak 36 Anti-tank Gun Team
Butterfly Bomb Drop
MG34 Team
苏大大
二郎显圣真君
고아원 사장
Santa's lap gremlin
DibbeTC
==Erock==
0
0
Comments
sign in to comment!
No comments posted yet!